Map: Ruins of Seras

Players

DarkHydra - Winner!

  • Race: Terran Terran
  • League: Grandmaster

SirRobin

  • Race: Zerg Zerg
  • League: Platinum

Event: Gauntlet LotV Series 1 Qualifier 2

VOD

Have the link to the VOD?

Description

Time

  • Played on: Dec. 5, 2015, 2:50 p.m.
  • Length: 8:22

All games in this series

Show
View Real Time Build Order
Export as new Build Order

DarkHydra Terran - Winner!

Build Orders: Liberator Opening, Reaper Expand 

Get SALT Encoding   

  12  0:00  SCV  
  13  0:13  SCV  
  14  0:18  Supply Depot  
  14  0:25  SCV  
  15  0:39  SCV  
  15  0:41  Barracks  
  16  0:46  Refinery  
  16  0:52  SCV  
  17  1:04  SCV  
  18  1:16  SCV  
  19  1:28  Orbital Command  
  19  1:29  Reaper  
  20  1:45  Command Center  
  20  1:53  SCV  
  21  1:57  Supply Depot  
  21  2:05  SCV  
  22  2:11  Factory  
  22  2:12  Marine  
  23  2:18  SCV  
  24  2:22  Refinery  
  24  2:30  Barracks Reactor, SCV  
  25  2:43  SCV  
  26  2:57  SCV, Orbital Command  
  26  3:08  Starport  
  26  3:12  SCV  
  27  3:13  Barracks Reactor, Hellion x2  
  31  3:23  SCV  
  31  3:24  SCV  
  33  3:35  SCV, Hellion x2  
  33  3:39  SCV  
  39  3:43  Supply Depot  
  39  3:47  SCV, Liberator x2  
  40  3:51  SCV  
  41  3:56  Supply Depot, Hellion x2  
  41  3:59  SCV  
  46  4:05  SCV  
  53  4:12  SCV  
  54  4:18  SCV  
  54  4:20  Supply Depot, Armory  
  54  4:23  Hellion x2  
  59  4:25  SCV  
  59  4:30  SCV  
  61  4:34  Liberator  
  61  4:37  SCV  
  62  4:44  Hellion  
  62  4:45  Hellion  
  60  4:54  SCV x2  
  61  5:06  SCV  
  59  5:11  Hellion x2  
  62  5:20  SCV x2  
  56  5:27  Hellion x8  
  56  5:30  Command Center  
  56  5:32  SCV x2  
  58  5:44  SCV  
  58  5:46  SCV  
  58  5:47  Liberator  
  60  5:53  Supply Depot  
  60  5:56  SCV  
  61  5:58  SCV  
  60  6:06  Hellion  
  60  6:09  SCV  
  62  6:14  Marine  
  62  6:15  SCV, Hellion  
  66  6:21  SCV  
  66  6:25  Liberator  
  67  6:27  SCV  
  67  6:30  Liberator  
  68  6:33  SCV  
  68  6:38  Hellion x5  
  68  6:39  SCV  
  70  6:42  Hellion x2  
  70  6:43  Supply Depot, Orbital Command  
  70  6:45  SCV  
  75  6:51  SCV  
  75  6:52  Barracks Tech Lab  
  76  6:57  Barracks  
  76  6:58  SCV  
  76  7:00  Barracks  
  77  7:05  Orbital Command  
  77  7:10  Hellion x2  
  77  7:11  SCV x2  
  77  7:15  Refinery x2  
  83  7:23  SCV  
  83  7:27  SCV  
  85  7:35  SCV  
  83  7:41  Hellion x2  
  77  7:47  Hellion x4  
  77  7:49  Barracks Reactor x2  
Show
View Real Time Build Order
Export as new Build Order

SirRobin Zerg 

Build Orders: Hatch First 

Get SALT Encoding   

  12  0:00  Drone  
  13  0:08  Drone  
  14  0:17  Overlord  
  14  0:24  Drone, Extractor  
  17  0:35  Drone x2  
  17  0:54  Hatchery  
  17  0:55  Drone  
  17  0:59  Drone  
  18  1:13  Spawning Pool  
  18  1:14  Extractor  
  18  1:17  Drone  
  17  1:21  Drone  
  18  1:27  Drone  
  19  1:38  Drone  
  20  1:48  Hatchery  
  20  1:50  Drone  
  20  2:04  Queen  
  22  2:10  Queen  
  22  2:14  Drone  
  25  2:19  Overlord  
  25  2:23  Drone  
  25  2:25  Drone  
  27  2:30  Metabolic Boost  
  27  2:34  Drone  
  27  2:49  Extractor  
  25  2:56  Drone  
  25  2:57  Drone x4  
  30  3:01  Drone x2  
  33  3:05  Queen  
  33  3:12  Drone x2  
  37  3:14  Drone  
  38  3:21  Drone x3  
  38  3:23  Drone  
  38  3:26  Overlord  
  42  3:31  Burrow  
  42  3:38  Overlord  
  42  3:44  Zergling x12  
  42  3:46  Drone  
  49  3:50  Drone  
  50  3:58  Drone x6  
  50  4:01  Overlord  
  56  4:05  Extractor  
  55  4:13  Drone x2, Zergling x2  
  55  4:16  Lair  
  58  4:18  Extractor  
  57  4:27  Zergling x2  
  57  4:28  Zergling x16  
  58  5:05  Zergling x2  
  58  5:06  Zergling x16  
  64  5:18  Overlord  
  64  5:19  Drone x2  
  64  5:20  Lair  
  66  5:23  Queen  
  66  5:28  Overlord  
  66  5:31  Extractor  
  66  5:32  Baneling Nest  
  66  5:35  Drone x2  
  66  5:36  Overlord x2  
  59  5:46  Drone x2, Spore Crawler  
  54  5:59  Queen  
  52  6:09  Zergling x18  
  58  6:19  Overlord  
  58  6:20  Queen  
  60  6:26  Drone x9  
  57  6:40  Drone x6  
  62  6:48  Overlord  
  62  6:54  Drone x4  
  62  6:55  Drone x2  
  68  7:07  Baneling  
  68  7:08  Baneling x6  
  68  7:11  Drone x6  
  68  7:12  Drone x3  
  68  7:13  Extractor  
  61  7:48  Drone x6  
  61  7:49  Overlord  
  61  7:50  Drone x10  
  65  7:51  Drone  
  65  7:52  Spire  
  65  7:53  Zergling x2  
  65  7:54  Zergling x12  
Tags
 
Add a new tag
Caveats
  • Supply blocks, unpowered buildings, or Contaminate may cause inaccurate times.
  • Supply counts are checked every 10 seconds.